 Dungeon Crawl Stone Soup version 0.19.1-1-g22dce08 (webtiles) character file.

154 Peloso the Slasher (level 5, -12/45 HPs)
             Began as a Ghoul Gladiator on Dec 30, 2016.
             Killed by divine providence
             ... invoked by an orc priest
              (14 damage)
             ... on level 3 of the Dungeon.
             The game lasted 00:05:31 (1987 turns).

Peloso the Slasher (Ghoul Gladiator)                Turns: 1987, Time: 00:05:32

Health: -12/45     AC:  5    Str: 20    XL:     5   Next: 35%
Magic:  4/4        EV: 12    Int:  3    God:
Gold:   100        SH:  0    Dex:  9    Spells: 0 memorised, 4 levels left

rFire  . . .     SeeInvis .     a - +0 long sword
rCold  + . .     Gourm    .     b - +0 leather armour
rNeg   + + +     Faith    .     (no shield)
rPois  ∞         Spirit   .     c - +0 helmet
rElec  .         Reflect  .     (no cloak)
rCorr  .         Harm     .     p - +0 pair of gloves
MR     .....                    (no boots)
Stlth  +.........               (no amulet)
                                (no ring)
                                (no ring)

@: rotting
A: rotting body, claws 1, carnivore 3, cold resistance 1, negative energy
resistance 3, slow regeneration 1, torment resistance, unbreathing
a: no special abilities


You were on level 3 of the Dungeon.
You were not hungry.

You visited 1 branch of the dungeon, and saw 3 of its levels.

You collected 100 gold pieces.

Inventory:

Hand Weapons
 a - a +0 long sword (weapon)
 r - a cursed -3 dagger
Missiles
 d - 3 throwing nets (quivered)
Armour
 b - a +0 leather armour (worn)
 c - a +0 helmet (worn)
 p - a +0 pair of gloves (worn)
Wands
 n - a wand of polymorph (21/24)
Scrolls
 h - a scroll of fear {unknown}
 i - a scroll of identify {unknown}
 m - a scroll of immolation {unknown}
 q - a scroll of fog {unknown}
 s - a scroll of enchant armour {unknown}
 t - a scroll of remove curse {unknown}
Potions
 g - a potion of resistance {unknown}
 k - a potion of invisibility {unknown}
 l - 2 potions of curing {unknown}
 o - a potion of berserk rage {unknown}
Comestibles
 f - 3 meat rations
 j - a royal jelly


   Skills:
 + Level 3.2 Fighting
 + Level 3.9 Long Blades
 + Level 2.1 Throwing
 + Level 1.3 Armour
 + Level 3.2 Dodging
 + Level 1.0 Stealth


You had 4 spell levels left.
You didn't know any spells.

Dungeon Overview and Level Annotations

Branches:
Dungeon (3/15)

Altars:
Hepliaklqana
Nemelex Xobeh
Qazlal
Trog
Xom
The Shining One


Innate Abilities, Weirdness & Mutations

Your body is rotting away.
You thrive on raw meat.
You are immune to poison.
You have sharp fingernails.
You are carnivorous and can eat meat at any time.
Your flesh is cold resistant. (rC+)
You are immune to negative energy. (rN+++)
You regenerate slowly when monsters are visible.
You are immune to unholy pain and torment.
You can survive without breathing.


Message History

The orc priest is almost dead.
The orc priest hits you but does no damage.
Unknown command.
You barely miss the orc priest.
The orc priest is almost dead.
The orc priest invokes the aid of Beogh against you.
Beogh smites you!
* * * LOW HITPOINT WARNING * * *
Unknown command.
You barely miss the orc priest.
The orc priest is almost dead.
The orc priest hits you but does no damage.
The orc priest hits you with a mace.
* * * LOW HITPOINT WARNING * * *
Unknown command.
You hit the orc priest.
You kill the orc priest!
The orc priest invokes the aid of Beogh against you.
Beogh smites you!
You die...

############# ..
#...........#
....###...........#
#...............#
#####.)o........#
#<@.........##
##...........####
###..##.#......# .#
##..##.#.#.#### .... ..#
##...##.#.#..# ...... #.#
##o.#.##...##.# .>....#
#o####.K##.##.<.##.##
.......##.oK.#K###.......#..#
.........o##..o##........##.#


You could see an orc priest.

Vanquished Creatures
  A bullfrog zombie (D:3)
  An orc priest (D:3)
  4 adders
  2 oozes
  4 leopard geckos
  2 orcs
  5 bats
  A giant cockroach (D:2)
  2 goblins
  5 hobgoblins
  2 frilled lizards
  8 kobolds
  4 rats
41 creatures vanquished.

Notes
Turn   | Place    | Note
-------+----------+-------------------------------------------
     0 | D:1      | Peloso the Ghoul Gladiator began the quest for the Orb.
     0 | D:1      | Reached XP level 1. HP: 17/17 MP: 0/0
   301 | D:1      | Reached XP level 2. HP: 25/25 MP: 1/1
   884 | D:2      | Found a sparkling altar of Nemelex Xobeh.
   897 | D:2      | Reached XP level 3. HP: 19/29 MP: 2/2
  1415 | D:2      | Found a shimmering altar of Xom.
  1436 | D:2      | Found a glowing golden altar of the Shining One.
  1438 | D:2      | Found a bloodstained altar of Trog.
  1438 | D:2      | Found a hazy altar of Hepliaklqana.
  1631 | D:3      | Reached XP level 4. HP: 32/37 MP: 3/3
  1653 | D:3      | Reached skill level 1 in Stealth
  1718 | D:3      | Found a stormy altar of Qazlal.
  1962 | D:3      | Reached skill level 1 in Armour
  1966 | D:2      | Reached XP level 5. HP: 19/45 MP: 4/4
  1986 | D:3      | HP: 2/45 [orc priest/mace (2)]
  1987 | D:3      | Killed from afar by an orc priest

Skill      XL: |  1  2  3  4 |
---------------+-------------+-----
Dodging        | 3 |  3.2
Throwing       | 2 |  2.1
Long Blades    | 3 |  3.9
Fighting       | 3 |  3.2
Stealth        | 1 |  1.0
Armour         | 1 |  1.3

Action                   |  1- 3 |  4- 6 || total
-------------------------+-------+-------++-------
Melee: Long sword        |    91 |    44 ||   135
  Use: Potion            |       |     1 ||     1
  Eat: Chunk             |     2 |     4 ||     6
Armor: Leather armour    |    45 |    36 ||    81
Dodge: Dodged            |    64 |    64 ||   128
       Rpst.: Long sword |    15 |    24 ||    39
